 Dungeon Crawl Stone Soup version 0.30-a0-691-g754fce4c43 (webtiles) character file.

Game seed: 17365753456818501753

99 BigDaddyOpFi the Shield-Bearer (level 5, 0/42 HPs)
             Began as a Formicid Fighter on Jan 19, 2023.
             Succumbed to Jessica's poison
             ... on level 3 of the Dungeon.
             The game lasted 00:02:37 (1988 turns).

BigDaddyOpFi the Shield-Bearer (Formicid Fighter)   Turns: 1988, Time: 00:02:38

Health: 0/42       AC:  7    Str: 23    XL:     5   Next: 2%
Magic:  14/14      EV:  9    Int:  7    God:
Gold:   175        SH:  5    Dex: 13    Spells: 4/4 levels left

rFire   . . .      SeeInvis +    q - +0 triple sword
rCold   . . .      Faith    +    c - +0 buckler
rNeg    . . .      Spirit   .    b - +0 scale mail
rPois   .          Reflect  .    (helmet unavailable)
rElec   .          Harm     .    (no cloak)
rCorr   .          Rampage  .    (no gloves)
Will    .....                    (no boots) Stlth
                                 l - amulet of faith
HPRegen 0.27/turn                r - ring of magical power
MPRegen 0.14/turn                (no ring)

@: lethally poisoned (0 -> -1), attractive
A: permanent stasis, dig shafts and tunnels, antennae 3, four strong arms
a: Dig, Shaft Self


You were on level 3 of the Dungeon.
You visited 1 branch of the dungeon, and saw 3 of its levels.

You collected 175 gold pieces.

Inventory:

Hand Weapons
 a - a +0 war axe
 q - a +0 triple sword (weapon)
Armour
 b - a +0 scale mail (worn)
 c - a +0 buckler (worn)
Jewellery
 l - an amulet of faith (around neck)
 r - a ring of magical power (left hand)
Scrolls
 e - a scroll of poison {unknown}
 f - a scroll of acquirement {unknown}
 h - a scroll of identify
 i - 2 scrolls of fog
 j - a scroll of fear
 m - a scroll of enchant weapon {unknown}
 n - a scroll of immolation {unknown}
 o - a scroll of enchant armour {unknown}
Potions
 d - a potion of might
 p - a potion of haste


   Skills:
 + Level 4.1 Fighting
 + Level 0.2 Long Blades
 - Level 2.8 Axes
 + Level 4.0 Armour
 + Level 4.9 Shields


You had 4 spell levels left.
You didn't know any spells.
Your spell library contained the following spells:

 Spells                   Type           Power      Damage    Failure   Level
 Inner Flame              Hex/Fire       0%         N/A       99%         3
 Cause Fear               Hex            0%         N/A       100%        4
 Discord                  Hex            0%         N/A       100%        8


Dungeon Overview and Level Annotations

Branches:
Dungeon (3/15)

Altars:

Annotations:
D:3 Jessica, Sigmund


Innate Abilities, Weirdness & Mutations

You cannot be hasted, slowed, berserked, paralysed or teleported.
You can dig through walls and to a lower floor.
You have a pair of large antennae on your head. (SInv)
Your four strong arms can wield two-handed weapons with a shield.


Message History

It was a potion of haste.
Your stasis prevents you from being hasted.
You feel sick. Jessica closely misses you.
You closely miss Sigmund.
You feel sick. Sigmund gestures at you while chanting.
The puff of flame hits you!
* * * LOW HITPOINT WARNING * * *
Jessica mumbles some strange words.
Jessica blinks!
Sigmund points at you and mumbles some strange words.
The puff of flame hits you.
* * * LOW HITPOINT WARNING * * *
Unknown command.
It was a potion of attraction.
You feel attractive to monsters.
* * * LOW HITPOINT WARNING * * *
You feel sick. Jessica casts a spell at you.
You struggle to resist.
You block Sigmund's attack. Jessica is attracted toward you.
As you read the scroll of fear, it crumbles to dust.
You assume a fearsome visage.
Sigmund looks frightened!
Jessica looks frightened!
* * * LOW HITPOINT WARNING * * *
You feel sick.
Jessica gestures wildly while chanting.
Jessica blinks!
Jessica is attracted toward you.
* * * LOW HITPOINT WARNING * * *
You feel sick.
Jessica gestures wildly while chanting.
Jessica blinks!
Sigmund is attracted toward you. Jessica is attracted toward you.
* * * LOW HITPOINT WARNING * * *
You feel sick.
Jessica mumbles some strange words.
Jessica blinks!
Sigmund is attracted toward you. Jessica is attracted toward you.
Your magical effects are unravelling.
You feel magically purged.
You die...

#.###.##.## # #.# #.#..#
### #.# #...####..
#.####........
########...........##
##..........#...#.....
##........§....>.....#.
#......................
##.....@.§...........#..
...$....@...............
......§..@..............
.........§...........###
........§...§........#
.......!.........
................
..........#.....
.......##....###


You could see Sigmund (invisible, fleeing) and Jessica (fleeing).

Vanquished Creatures
  4 adders
  A worm (D:2)
  A dart slug (D:3)
  An orc (D:3)
  8 bats
  6 endoplasms
  3 giant cockroaches
  6 goblins
  3 hobgoblins
  2 jackals (D:1)
  7 kobolds
  2 quokkas
  3 ball pythons
  4 frilled lizards
  5 rats
56 creatures vanquished.

Notes
Turn   | Place    | Note
-------+----------+-------------------------------------------
     0 | D:1      | BigDaddyOpFi the Formicid Fighter began the quest for the
                  | Orb.
     0 | D:1      | Reached XP level 1. HP: 18/18 MP: 1/1
    78 | D:1      | Reached XP level 2. HP: 24/24 MP: 2/2
   420 | D:1      | Reached XP level 3. HP: 29/29 MP: 3/3
  1113 | D:2      | Reached XP level 4. HP: 37/37 MP: 4/4
  1830 | D:3      | Found a faded altar of an unknown god.
  1855 | D:3      | Reached XP level 5. HP: 42/42 MP: 5/5
  1971 | D:3      | Noticed Sigmund
  1974 | D:3      | Noticed Jessica
  1985 | D:3      | HP: 2/42 [poisoned by Jessica]
  1988 | D:3      | Succumbed to Jessica's poison

Illustrated notes

Levels and vault maps discovered:
D:1:      onia_arrival_handbag, layout_loops_cross
D:2:      layout_basic
D:3:      layout_rooms, ebering_ecumenical_altar_rust,
          chequers_hall_statues_wall_a, uniq_sigmund, uniq_jessica

Skill      XL: |  1  2  3  4 |
---------------+-------------+-----
Fighting       | 4 |  4.1
Armour         | 4 |  4.0
Long Blades    | |  0.2
Axes           | |  2.8
Shields        | |  4.9

Action                   |  1- 3 |  4- 6 || total
-------------------------+-------+-------++-------
Melee: War axe           |    86 |    44 ||   130
       Triple sword      |       |    31 ||    31
  Use: Scroll            |     4 |     1 ||     5
       Potion            |       |     6 ||     6
Armor: Scale mail        |    46 |    51 ||    97
Dodge: Dodged            |    47 |    46 ||    93
Block: Buckler           |    18 |    30 ||    48

Table legend: (Time is in decaauts)
 A = Elapsed time spent in this place.
 B = Non-inter-level travel time spent in this place.
 C = Inter-level travel time spent in this place.
 D = Time resting spent in this place.
 E = Time spent auto-exploring this place.
 F = Levels seen in this place.
 G = Mean time per level.
                   A        B        C        D        E       F      G
               +--------+--------+--------+--------+--------+-----+--------+
         Total |   2066 |   2008 |     58 |      0 |   1545 |   3 |  688.7 |
       Dungeon |   2066 |   2008 |     58 |      0 |   1545 |   3 |  688.7 |
               +--------+--------+--------+--------+--------+-----+--------+

Top non-repeatable levels by time:
     D:2: 889 daAuts
     D:1: 746 daAuts
     D:3: 430 daAuts
